Cogmind - Beta 12 X4 @@@ ROGUE MODE // 2022.10.08 @ 18:03:52 Player: LU-1G1 Result: Self-destructed Performance ------------- Evolutions (2) 1000 Regions Visited (7) 1400 Robots Destroyed (57) 285 Value Destroyed (1408) 1408 Prototype IDs (29) 580 Alien Tech Used (0) 0 Bonus (525) 525 TOTAL SCORE: 5198 Bonus ------- High Alert Combat Kills 33 Follower Combat Kills 192 Aligned with FarCom 300 Cogmind --------- Core Integrity 382/550 Matter 277/300 Energy 160/160 System Corruption 6% Temperature Cool (0) Movement Treading (240) Ox1 Location -8/Materials Parts ------- > --- POWER (1) -------- Light Nuclear Core > --- PROPULSION (3) --- Light Treads Light Treads > --- UTILITY (5) ------ Improved Heat Sink High-capacity Storage Unit Hardened Light Armor Plating Hardened Light Armor Plating Hardened Light Armor Plating > --- WEAPON (2) ------- Improved Assault Rifle Great Maul > --- INVENTORY (20) --- Light Nuclear Core Light Treads Small Storage Unit Structural Scanner Light Armor Plating Hardened Light Armor Plating Hardened Light Armor Plating Hacking Suite System Shield Authchip [R/NC] Authchip [Storage] Long-range Tractor Beam Bomb Drone Bay (16/16) Chronowheel Firepult Enhanced Autogun Rocket Launcher Peak State ------------ > --- POWER ------------ Improved Ion Engine > --- PROPULSION ------- Light Treads Light Treads Light Treads > --- UTILITY ---------- High-capacity Storage Unit Structural Scanner Visual Processing Unit Improved Weapon Shielding Hardened Light Armor Plating > --- WEAPON ----------- Guided Plasma Cannon Katana > --- INVENTORY -------- Light Nuclear Core Light Treads Light Treads Light Treads Armored Wheel Small Storage Unit Weight Redist. System Advanced Visual Processing Unit Hardened Light Armor Plating Hardened Light Armor Plating Authchip [R/NC] Authchip [Storage] Bomb Drone Bay Chronowheel Firepult Heavy Assault Rifle Rocket Launcher Great Maul [Rating: 33] Favorites ----------- Power Improved Ion Engine Engine Improved Ion Engine Power Core Light Nuclear Core Propulsion Light Treads Treads Light Treads Utility Structural Scanner Device Structural Scanner Storage High-capacity Storage Unit Processor Advanced Visual Processing Unit Protection Light Armor Plating Weapon Medium Laser Energy Gun Medium Laser Energy Cannon Guided Plasma Cannon Ballistic Gun Improved Assault Rifle Launcher Rocket Launcher Impact Weapon Great Maul Slashing Weapon Katana Build | -11 -10 -10 -9 -9 -9 -8 -8 ------- Run | Scr Mat Min Mat Min Exi Min Mat Slots Evolved 4 | . . . 2 . . . 2 Power . | . . . . . . . . Propulsion 1 | . . . 1 . . . . Utility 3 | . . . 1 . . . 2 Weapon . | . . . . . . . . Parts Attached 62 | 7 8 5 4 . 1 . 37 Power 6 | 1 2 1 . . . . 2 Engine 5 | 1 2 1 . . . . 1 Core 1 | . . . . . . . 1 Reactor . | . . . . . . . . Propulsion 13 | 2 2 . 1 . . . 8 Treads 13 | 2 2 . 1 . . . 8 Leg . | . . . . . . . . Wheel . | . . . . . . . . Hover . | . . . . . . . . Flight . | . . . . . . . . Utility 22 | 1 2 2 3 . 1 . 13 Device 6 | . 1 2 2 . . . 1 Storage 3 | 1 1 . . . 1 . . Processor 2 | . . . . . . . 2 Hackware . | . . . . . . . . Protection 11 | . . . 1 . . . 10 Artifact . | . . . . . . . . Weapon 21 | 3 2 2 . . . . 14 Energy Gun 5 | 2 1 2 . . . . . Energy Cannon 2 | . . . . . . . 2 Ballistic Gun 10 | 1 1 . . . . . 8 Ballistic Cannon . | . . . . . . . . Launcher 2 | . . . . . . . 2 Special Weapon . | . . . . . . . . Impact Weapon 1 | . . . . . . . 1 Slashing Weapon 1 | . . . . . . . 1 Piercing Weapon . | . . . . . . . . Special Melee Weapon . | . . . . . . . . Unidentified Prototypes 3 | . . . 1 . . . 2 Corrupted Parts 2 | . 1 1 . . . . . System Corruption 5 | . 4 1 . . . . . Parts Lost 10 | . 1 . . . . . 9 Power 1 | . . . . . . . 1 Propulsion 4 | . . . . . . . 4 Utility 4 | . . . . . . . 4 Weapon 1 | . 1 . . . . . . Highest Loss Streak 4 | . 1 . . . . . 4 To Critical Strikes 1 | . . . . . . . 1 Average Slot Usage (%) 94 | . 87 100 94 100 100 100 93 Engine 10 | . 14 14 11 11 11 11 8 Treads 28 | . 27 28 33 33 33 33 25 Device 9 | . 2 14 8 11 11 11 8 Storage 10 | . 14 14 11 11 11 11 9 Processor 2 | . . . . . . . 5 Protection 11 | . . . 8 11 11 11 17 Energy Gun 12 | . 16 28 22 22 22 22 2 Energy Cannon 1 | . . . . . . . 2 Ballistic Gun 5 | . 11 . . . . . 7 Slashing Weapon 1 | . . . . . . . 3 Naked Turns . | . . . . . . . . Heaviest Build 70 | 12 20 22 25 25 55 55 70 Greatest Support 60 | 40 40 40 60 60 60 60 60 Greatest Overweight (x) 4 | . 4 . . . . . 1 Average Overweight (x) . | . . . . . . . . Largest Inventory Capacity 20 | 8 10 10 10 10 20 20 20 Average Capacity 15 | 7 9 10 10 10 15 20 20 Most Carried 20 | 7 10 10 10 8 12 15 20 Average Carried 13 | 5 8 9 8 8 9 13 18 Final Capacity 20 | 8 10 10 10 10 20 20 20 Final Carried 19 | 7 10 10 8 8 12 15 19 Class Distribution -------------------- 67% | Mutant 12% | Scavenger-Mutant 9% | Scavenger-Assassin 4% | Scavenger-Skirmisher 4% | Skirmisher Dominant Class ---------------- Mutant | -10/Materials Mutant | -10/Mines Mutant | -9/Materials Mutant | -9/Mines Mutant | -9/Exiles Mutant | -8/Mines Mutant | -8/Materials Resources | -11 -10 -10 -9 -9 -9 -8 -8 ----------- Run | Scr Mat Min Mat Min Exi Min Mat Matter Collected 1359 | 306 174 35 . 45 . 32 767 Remotely . | . . . . . . . . Salvage Created 2400 | 142 486 109 . . . . 1663 Parts 121 | 15 17 8 . . . . 81 Haulers Intercepted 4 | . 1 . . . . . 3 Recyclers Shooed 6 | . 2 . . . . . 4 Parts Field Recycled . | . . . . . . . . Retrieved Matter . | . . . . . . . . Parts Self-Destructed . | . . . . . . . . Prevented . | . . . . . . . . Kills | -11 -10 -10 -9 -9 -9 -8 -8 ------- Run | Scr Mat Min Mat Min Exi Min Mat Combat Hostiles Destroyed 31 | . 4 . . . . . 27 Melee 2 | . . . . . . . 2 Guns 17 | . 4 . . . . . 13 Cannons 3 | . . . . . . . 3 AOE 9 | . . . . . . . 9 Classes Destroyed 13 | 3 3 1 . . . . 6 Worker 4 | 1 . . . . . . 3 Builder 1 | . . 1 . . . . . Tunneler 4 | 3 . . . . . . 1 Hauler 4 | . 1 . . . . . 3 Recycler 9 | 1 3 1 . . . . 4 Mechanic 1 | . . . . . . . 1 Watcher 3 | . 1 . . . . . 2 Swarmer 7 | . . . . . . . 7 Grunt 17 | . 4 . . . . . 13 Brawler 1 | . . . . . . . 1 Duelist 1 | . . . . . . . 1 Sentry 3 | . . . . . . . 3 Specialist 2 | . . . . . . . 2 Best Kill Streak 8 | 3 2 2 . . . . 8 Combat Bots Only 6 | . 2 . . . . . 6 Max Kills in Single Turn 4 | 1 1 1 . . . . 4 Gunslinging . | . . . . . . . . Exploded 3 | . . . . . . . 3 Melee 1 | . . . . . . . 1 Uniques/NPCs Destroyed . | . . . . . . . . Combat | -11 -10 -10 -9 -9 -9 -8 -8 -------- Run | Scr Mat Min Mat Min Exi Min Mat Damage Taken 2626 | . 346 . . . . . 2280 Core 229 | . 61 . . . . . 168 Absorbed by Shields . | . . . . . . . . Redirected to Shielding 104 | . . . . . . . 104 Regen/Repaired (Parts) 99 | . . . . . . . 99 Core Remaining (%) 91 | 100 . 75 . . . 100 . Volleys Fired 146 | 12 36 4 . . . . 94 Largest 2 | 2 2 2 . . . . 2 Hottest 120 | 70 90 90 . . . . 120 Shots Fired 253 | 24 72 8 . . . . 149 Gun 228 | 24 72 8 . . . . 124 Cannon 17 | . . . . . . . 17 Launcher 8 | . . . . . . . 8 Special . | . . . . . . . . Kinetic 165 | 12 33 . . . . . 120 Thermal 71 | 12 36 4 . . . . 19 Explosive 8 | . . . . . . . 8 Electromagnetic 9 | . 3 4 . . . . 2 Robot Hit Streak 34 | 5 11 6 . . . . 34 Robot Miss Streak 3 | 3 3 1 . . . . 3 Penetration Max . | . . . . . . . . Secondary Targets 2 | . . . . . . . 2 Max Gunslinging Chain 1 | . . . . . . . 1 Shots Hit Robots 177 | 15 48 6 . . . . 108 Core Hits 92 | 6 17 4 . . . . 65 Critical Kills 1 | . . . . . . . 1 Critical Parts Destroyed . | . . . . . . . . Critical Strikes 4 | 1 1 . . . . . 2 Burn 2 | 1 1 . . . . . . Destroy 1 | . . . . . . . 1 Sever 1 | . . . . . . . 1 Melee Attacks 13 | . . . . . . . 13 Impact 2 | . . . . . . . 2 Slashing 11 | . . . . . . . 11 Piercing . | . . . . . . . . Sneak Attacks 5 | . . . . . . . 5 Combat Hostiles . | . . . . . . . . Follow-up Attacks . | . . . . . . . . Damage Inflicted 3870 | 208 611 77 . . . 2 2972 Guns 2159 | 208 611 77 . . . . 1263 Cannons 539 | . . . . . . . 539 Explosions 694 | . . . . . . . 694 Melee 450 | . . . . . . . 450 Ramming 28 | . . . . . . 2 26 Kinetic 1587 | 92 280 . . . . . 1215 Thermal 1000 | 116 284 36 . . . . 564 Explosive 592 | . . . . . . . 592 Electromagnetic 213 | . 47 41 . . . . 125 Impact . | . . . . . . . . Slashing 450 | . . . . . . . 450 Piercing . | . . . . . . . . Highest Corruption 6 | . 4 5 . . . . 6 Average Corruption 4 | . 4 4 . . . . 5 Corruption Purged . | . . . . . . . . Corruption Blocked . | . . . . . . . . Effects 17 | . 3 8 . . . . 6 Message Errors 4 | . . 1 . . . . 3 Matter Fused 2 | . . 2 . . . . . Heat Flow Errors 4 | . . 3 . . . . 1 Energy Discharges 1 | . . 1 . . . . . Data Loss (minor) 6 | . 3 1 . . . . 2 Overload Shots . | . . . . . . . . Overflow Damage 25 | . . . . . . . 25 Projectiles . | . . . . . . . . Explosions 7 | . . . . . . . 7 Melee 18 | . . . . . . . 18 Knockbacks . | . . . . . . . . Impact . | . . . . . . . . Kinetic . | . . . . . . . . Secondary . | . . . . . . . . Self-Inflicted Damage 83 | . . . . . . . 83 Shots 3 | . . . . . . . 3 Rammed 4 | . . . . . . 1 3 Targets Rammed 6 | . . . . . . 1 5 Kicked . | . . . . . . . . Crushed 2 | . . . . . . . 2 Highest Temperature 510 | 72 276 252 . . . . 510 Average Temperature 106 | 28 81 79 . . . . 134 Received Heat Transfer 1044 | . 234 . . . . . 810 Effects 6 | . 1 . . . . . 5 Shutdowns 1 | . . . . . . . 1 Energy Bleed 2 | . . . . . . . 2 Interference 3 | . 1 . . . . . 2 Siege Activations . | . . . . . . . . Robots Corrupted . | . . . . . . . . Combat Hostiles . | . . . . . . . . Parts Fried . | . . . . . . . . Impact Corruptions . | . . . . . . . . Robots Melted . | . . . . . . . . Combat Hostiles . | . . . . . . . . Parts Melted 5 | 1 1 . . . . . 3 Heat Transferred 2717 | 407 925 111 . . . . 1274 Parts Sabotaged . | . . . . . . . . Parts Stolen . | . . . . . . . . Parts Stripped . | . . . . . . . . Power Chain Reactions . | . . . . . . . . Missiles Intercepted . | . . . . . . . . Alert | -11 -10 -10 -9 -9 -9 -8 -8 ------- Run | Scr Mat Min Mat Min Exi Min Mat Peak Influence 503 | 25 204 126 . . . . 503 Initial 35 | . 16 35 . . . . . Average 98 | 8 102 36 . . . . 140 Maximum Alert Level 2 | . 1 . . . . . 2 Low Security (%) 92 | 100 92 100 100 100 . 100 88 Level 1 5 | . 7 . . . . . 8 Level 2 1 | . . . . . . . 2 Level 3 . | . . . . . . . . Level 4 . | . . . . . . . . Level 5 . | . . . . . . . . High Security . | . . . . . . . . Max Security . | . . . . . . . . Squads Dispatched 6 | . 1 . . . . . 5 Investigation 2 | . 1 . . . . . 1 Extermination . | . . . . . . . . Reinforcement 3 | . . . . . . . 3 Assault 1 | . . . . . . . 1 Garrison . | . . . . . . . . Intercept . | . . . . . . . . Searches Triggered . | . . . . . . . . Construction Impeded . | . . . . . . . . Haulers Reinforced . | . . . . . . . . Active Scanning Responses . | . . . . . . . . Cargo Convoy Interrupts . | . . . . . . . . Stealth | -11 -10 -10 -9 -9 -9 -8 -8 --------- Run | Scr Mat Min Mat Min Exi Min Mat Distress Signals 7 | . 1 . . . . . 6 Communications Jammed . | . . . . . . . . Distress Signals . | . . . . . . . . Times Spotted 58 | . 8 2 . . . . 48 Peak Tracking Total 7 | . 2 2 . . . . 7 Tactical Retreats . | . . . . . . . . Traps | -11 -10 -10 -9 -9 -9 -8 -8 ------- Run | Scr Mat Min Mat Min Exi Min Mat Traps Triggered 3 | . 2 . . . . . 1 Indirectly 1 | . . . . . . . 1 Trap Hack Attempts . | . . . . . . . . Triggered . | . . . . . . . . Disarmed . | . . . . . . . . Reprogrammed . | . . . . . . . . Reused . | . . . . . . . . Traps Extracted . | . . . . . . . . Installed . | . . . . . . . . Triggered . | . . . . . . . . Machines | -11 -10 -10 -9 -9 -9 -8 -8 ---------- Run | Scr Mat Min Mat Min Exi Min Mat Machines Disabled 5 | . . . . . . . 5 Max in Single Turn 1 | . . . . . . . 1 Machines Sabotaged . | . . . . . . . . Overloaded Fab Kills . | . . . . . . . . Hacking | -11 -10 -10 -9 -9 -9 -8 -8 --------- Run | Scr Mat Min Mat Min Exi Min Mat Machines Accessed 16 | . 6 1 . . 2 . 7 Terminals 10 | . 5 . . . . . 5 Fabricators . | . . . . . . . . Repair Stations 2 | . . . . . . . 2 Recycling Units 1 | . 1 . . . . . . Scanalyzers . | . . . . . . . . Garrison Access . | . . . . . . . . Total Hacks 46 | . 20 1 . . 2 . 23 Successful 23 | . 10 1 . . 2 . 10 Failed 23 | . 10 . . . . . 13 Catastrophic 3 | . 1 . . . . . 2 Database Lockouts . | . . . . . . . . Manual 26 | . 15 . . . 1 . 10 Terminals 38 | . 19 . . . . . 19 Fabricators . | . . . . . . . . Repair Stations 4 | . . . . . . . 4 Recycling Units 1 | . 1 . . . . . . Scanalyzers . | . . . . . . . . Garrison Access . | . . . . . . . . Terminal Hacks 20 | . 9 1 . . 2 . 8 Record 1 | . . . . . 1 . . Part Schematic 2 | . 2 . . . . . . Robot Schematic 1 | . . . . . . . 1 Robot Analysis 4 | . 4 . . . . . . Prototype ID Bank 1 | . 1 . . . . . . Open Door 1 | . . 1 . . . . . Branch Access Points 2 | . 1 . . . . . 1 Alert Level 2 | . . . . . . . 2 Unreport Threat 2 | . . . . . . . 2 Hauler Manifests 1 | . . . . . . . 1 Zone Layout 2 | . 1 . . . . . 1 EX-Prototype ID Bank 1 | . . . . . 1 . . Fabricator Hacks . | . . . . . . . . Repair Station Hacks 2 | . . . . . . . 2 Scan Component 1 | . . . . . . . 1 Repair 1 | . . . . . . . 1 Recycling Unit Hacks . | . . . . . . . . Scanalyzer . | . . . . . . . . Garrison Access Hacks . | . . . . . . . . Unauthorized Hacks 1 | . 1 . . . . . . Terminals . | . . . . . . . . Fabricators . | . . . . . . . . Repair Stations . | . . . . . . . . Recycling Units 1 | . 1 . . . . . . Tunnel 1 | . 1 . . . . . . Scanalyzers . | . . . . . . . . Garrison Access . | . . . . . . . . Data Cores Recovered . | . . . . . . . . Used . | . . . . . . . . Hacking Detections 12 | . 5 . . . . . 7 Full Trace Events 4 | . 2 . . . . . 2 Feedback Events . | . . . . . . . . Feedback Blocked . | . . . . . . . . Robot Schematics Acquired 1 | . . . . . . . 1 Robots Built . | . . . . . . . . Authchips . | . . . . . . . . Time . | . . . . . . . . Total Robot Build Rating . | . . . . . . . . Part Schematics Acquired 2 | . 2 . . . . . . Parts Built . | . . . . . . . . Authchips . | . . . . . . . . Time . | . . . . . . . . Total Part Build Rating . | . . . . . . . . Parts Repaired 1 | . . . . . . . 1 Time 26 | . . . . . . . 26 Parts Recycled . | . . . . . . . . Recycled Matter . | . . . . . . . . Retrieved Matter . | . . . . . . . . Retrieved Components . | . . . . . . . . Parts Scanalyzed . | . . . . . . . . Part Schematics Acquired . | . . . . . . . . Parts Damaged . | . . . . . . . . Bothacking | -11 -10 -10 -9 -9 -9 -8 -8 ------------ Run | Scr Mat Min Mat Min Exi Min Mat Used RIF Installer . | . . . . . . . . Robots Hacked . | . . . . . . . . Non-combat . | . . . . . . . . Combat . | . . . . . . . . Robot Hacks Applied . | . . . . . . . . Relay Couplers Released . | . . . . . . . . Fabnet Peak Effective % . | . . . . . . . . Robots Rewired . | . . . . . . . . Allies Hacked . | . . . . . . . . Hacks Repelled . | . . . . . . . . Allies | -11 -10 -10 -9 -9 -9 -8 -8 -------- Run | Scr Mat Min Mat Min Exi Min Mat Total Allies 3 | . . 3 . . . . . Largest Group 3 | . . 3 3 3 3 3 3 Highest-Rated Group 40 | . . 40 40 40 40 40 40 Highest-Rated Ally 16 | . . 16 16 16 16 16 16 Total Orders . | . . . . . . . . Ally Attacks 57 | . . 7 . . . . 50 Total Damage 619 | . . 81 . . . . 538 Kills 10 | . . 3 . . . . 7 Allies Corrupted . | . . . . . . . . Allies Melted . | . . . . . . . . Intel | -11 -10 -10 -9 -9 -9 -8 -8 ------- Run | Scr Mat Min Mat Min Exi Min Mat Robot Analysis Total 4 | . 4 . . . . . . Derelict Logs Recovered 4 | . . 2 . 2 . . . Drone Launches . | . . . . . . . . Drone Recoveries . | . . . . . . . . Exploration | -11 -10 -10 -9 -9 -9 -8 -8 ------------- Run | Scr Mat Min Mat Min Exi Min Mat Turns Passed 3951 | 158 505 492 39 186 529 144 1898 Spaces Moved 1800 | 69 221 292 22 117 328 88 663 Core 5 | 4 1 . . . . . . Treads 1795 | 65 220 292 22 117 328 88 663 Legs . | . . . . . . . . Wheels . | . . . . . . . . Hover . | . . . . . . . . Flight . | . . . . . . . . Fastest Speed 50 | 50 160 160 160 160 160 160 160 Average Speed 179 | 153 160 160 160 160 160 160 214 Slowest Speed 250 | 160 250 160 160 160 160 160 240 Overloaded Moves . | . . . . . . . . Propulsion Burnouts . | . . . . . . . . Robots Hopped . | . . . . . . . . Cave-ins Triggered . | . . . . . . . . Exploration Rate (%) 43 | 5 40 84 3 47 70 37 65 Regions Visited 7 Branch Regions 4 Pre-discovered Areas 3 | . 1 1 . . 1 . . Known Exits Taken 2 | . 1 . . . . 1 . Unknown Exits Taken 5 | 1 . 1 1 1 1 . . Scrap Searched 5 | . . 2 . 2 . 1 . Spaces Dug 5 | . . . . . . . 5 Terrain Destroyed 53 | . . . . . . . 53 Melee 3 | . . . . . . . 3 Projectile 2 | . . . . . . . 2 AOE 48 | . . . . . . . 48 Terrain Rammed . | . . . . . . . . Walls Destroyed . | . . . . . . . . Machines Disabled . | . . . . . . . . Actions | -11 -10 -10 -9 -9 -9 -8 -8 --------- Run | Scr Mat Min Mat Min Exi Min Mat Total 2247 | 94 298 311 27 116 332 91 978 Wait 146 | . 27 . . . . . 119 Move 1793 | 68 220 291 21 116 327 87 663 Hop . | . . . . . . . . Pick Up 42 | 7 4 4 . . 3 3 21 Fast Attach 28 | 6 6 2 . . . . 14 Attach 14 | . 1 . 4 . . . 9 Detach 6 | . 1 . 2 . . . 3 Swap 20 | 1 1 3 . . 1 . 14 Drop 33 | . 2 7 . . 1 . 23 Fire 146 | 12 36 4 . . . . 94 Melee 13 | . . . . . . . 13 Ram . | . . . . . . . . Kick . | . . . . . . . . Crush 6 | . . . . . . 1 5 Escape Stasis . | . . . . . . . . Rewire . | . . . . . . . . Trap . | . . . . . . . . Miscellaneous . | . . . . . . . . Route ------- -11/Scrapyard -10/Materials (discovered 2 exits: *Min x2) -10/Mines -9/Materials (discovered 2 exits: Mat / [*Min]) -9/Mines -9/Exiles -8/Mines -8/Materials (discovered 3 exits: [*Fac x3]) History --------- Turn | Location | Event 10 | -11/Scrapyard | Discovered new exit (range 15) 159 | -11/Scrapyard | Entered Materials 175 | -10/Materials | Identified exit to Mines 316 | -10/Materials | Build established: Mutant 664 | -10/Materials | Entered Mines 666 | -10/Mines | Joined a pair of Derelicts in attacking an 0b10 outpost 890 | -10/Mines | Assisted by bots powering up and referring to "LRC-V3" 953 | -10/Mines | Learned 2 Materials zone layouts 1032 | -10/Mines | Found the Drone Emporium 1039 | -10/Mines | Found Prototype Device 1060 | -10/Mines | Discovered new exit (range 8) 1089 | -10/Mines | Learned location of Storage (-9) 1156 | -10/Mines | Entered Materials 1156 | -9/Materials | Accompanied by 3 allies 1156 | -9/Materials | Evolved 2 slots: Propulsion x1, Utility x1 1157 | -9/Materials | Identified exit to Materials 1158 | -9/Materials | Identified Bomb Drone Bay 1173 | -9/Materials | Discovered new exit (range 12) 1195 | -9/Materials | Entered Mines 1195 | -9/Mines | Accompanied by 3 allies 1282 | -9/Mines | Learned Materials terminal intel 1293 | -9/Mines | Learned location of 1 exit from Lower Caves 1373 | -9/Mines | Deemed a non-threat by the Exiles lab entrance 1373 | -9/Mines | Discovered new exit (range 5) 1381 | -9/Mines | Entered Exiles 1381 | -9/Exiles | Accompanied by 3 allies 1420 | -9/Exiles | Met 8R-AWN 1447 | -9/Exiles | Met EX-HEX 1519 | -9/Exiles | Met EX-DEC 1549 | -9/Exiles | Learned location of Zion (-7) 1679 | -9/Exiles | Met EX-BIN 1702 | -9/Exiles | Aligned with FarCom system 1703 | -9/Exiles | Given EX-Vault access code 1742 | -9/Exiles | Opened EX-Vault 1748 | -9/Exiles | Found Chronowheel 1752 | -9/Exiles | Found Firepult 1758 | -9/Exiles | Found Gui. Plasma Cannon 1791 | -9/Exiles | Warned to stay clear of 0b10 Research branches 1890 | -9/Exiles | Discovered new exit (range 14) 1910 | -9/Exiles | Stole three prototypes: Chronowheel, Gui. Plasma Cannon, Firepult 1910 | -9/Exiles | Entered Mines 1910 | -8/Mines | Accompanied by 3 allies 2030 | -8/Mines | Discovered exit to Materials (range 16) 2054 | -8/Mines | Entered Materials 2054 | -8/Materials | Accompanied by 3 allies 2054 | -8/Materials | Evolved 2 slots: Utility x2 2055 | -8/Materials | Loaded intel: 12 terminal locations 2101 | -8/Materials | Repaired Lgt. Treads 2450 | -8/Materials | Discovered new exit (range 16) 2460 | -8/Materials | Build established: Scavenger-Mutant 2853 | -8/Materials | Build established: Scavenger-Assassin 3120 | -8/Materials | Discovered new exit (range 12) 3230 | -8/Materials | Build established: Mutant 3317 | -8/Materials | Discovered new exit (range 11) 3654 | -8/Materials | First assault squad dispatched 3744 | -8/Materials | Lost 4 parts (1n3u) 3795 | -8/Materials | Lost 3 parts (1p2n) 3952 | -8/Materials | Self-destructed Last Messages --------------- 03843_ Acquired 75 matter. 03864_ System corrupted: Heat flow error (+272). 03927_ Acquired Structural Scanner. 03935_ Acquired Tractor Beam. 03944_ Acquired Lrn. Tractor Beam. 03945_ Dropped Tractor Beam. 03951_ U-05 Engineer builds a Wall. 03952_ Connecting with Terminal... >>Manifests Retrieving manifest data... Found 3 haulers: A-02 Transporter 1x Hvy. Ion Engine 2x Adv. Beam Rifle A-02 Transporter 1x Matter (90) 1x Imp. Heat Sink A-02 Transporter 2x Arm. Wheel 2x VTOL Module Map ----- +----------------------------------------------------+ | # """ "R" # ?????? # | | #+######+#############+###% # """ # ?????? # | | !# ### # # # ?????? ## | | " !!!# ????## """ #% ########### ?????? | | " ! =!# ???## """ #% %########### """ # | | ! # ??## """ # = % ##????#####+#+# | | ### ### ?## # % ##### ######## # | | ##### ?## """ #% %##### ######## # | | ##### !! ### """ ## ###?## % / """ # | | #??## !! ### """ ##%###?########### """ # | | #??## ! ### ##%############### """ # | | #??## #############/####?????????## # | | #??## ## % *[##?????????######+## | | !#??########### !!! """%###?????????###### ## | | #???## # !!! """%###?????????????## ## | | #??????????? # !!! """ ##???????????? ### ## | | ###??????????? # ##??????i?"??? ### ## | | #####????????? # + ????????"""" # # | | ######## ????? ####+######+####????????"""" + | | # ????? ### ###???????????? # | | # ???????## ??????? ???????????????? # # | | # ??????? ???????????????????????? ## ## | | "" # ????????????#####+#####???????????### ## | | "" !=!# ????????????# #????????????## ## | | "" # ????????????# "" !! #????????????## ## | | ???????????????# "T@ ! #????????????## ## | | ???????????????# "" ! #????????????## ## | | ???????????????# #????????????## ## | | ???????????????# #????????????## ## | | #####+???????????????# #????????????## ## | | ## ???????????????# #????????????## ## | | ## ??????????????##;#########????????????## ## | | ## ??????############????????????????????## ## | | ## ??????# ##?????????????????????## ## | | ## ??????# """ #??????? ??????????????## ## | | ## ??????# """ #????? #?????????????## | | ## ??????# """ #???? #?????????????## | | ## ??????# #??"" #??????######### | | ######??????# """*=#? ]????????######### # | | ##??????????# "!" %#=""" ???????##! # # | | #??????????# "" +=""" [ ???????## # # | | #??????????# [* *#!""" ???????## """ + + | | #??????????######+### ???????## """ # # | | #????????????## = #####+###???????## """ # # | | ??????????????## = ##???????## # # | | ??????????????## ##???????######### # | | # ???????????## " ##???????######### # | | # ???????????## ###T#####??????????????## # | | # ???????????### ##########??#########???## # | | # ??????????### #######?????############## # | +----------------------------------------------------+ Best States ------------- Heat Dissipation 45 Energy Generation 14 Energy Capacity 275 Matter Stores 300 Matter Capacity 300 Sight Range 20 Terrain Scan Density 10 Armor Coverage 450 Weapon Shielding 66 Evasion (%) 40 Recoil Reduction 3 Authchip Count 2 Item Schematics ----------------- Med. Storage Unit | -10/Materials | Hacked Huge Storage Unit | -10/Materials | Hacked Robot Schematics ------------------ O-24 Administrator | -8/Materials | Hacked Fabricated ------------ Nothing Alien Tech Used ----------------- None Achievements -------------- None Challenges ------------ None Game ------ Seed HardcellPointyPenetrator Manual? 0 Play Time 00:36:29 Cumulative 546.5 hours Start 2022.10.02 @ 17:50:14 End 2022.10.08 @ 18:03:52 Sessions 11 Manual Loads 0 Difficulty Rogue Special Mode None Game No. 529 Rogue 314 Adventurer 112 Explorer 103 Win Type - Total 36 Types 24/0/8/2/0/0/1/1/0 Lore% 87 Gallery% 92 Achievement% 80 Wizard Run 0 Options --------- ASCII 0 Keyboard 1 Movement Vi Keybinds 1 Fullscreen 2 Font 18/SmallcapsGlow Map View 76x50 Tactical HUD 1 Map Filters NONE Filters NONE Steam X RUN: b00ac921-952c-42ee-ae28-390021b25600